 Dungeon Crawl Stone Soup version 0.28-a0-998-gb9e9c7b67e (webtiles) character file.

Game seed: 2064869285492587164

632 Colgate the Magician (level 7, 50/50 HPs)
             Began as a Ghoul Necromancer on Dec 6, 2021.
             Was a Priest of Nemelex Xobeh.
             Quit the game on level 5 of the Dungeon.
             The game lasted 00:31:30 (5930 turns).

Colgate the Magician (Ghoul Necromancer)            Turns: 5930, Time: 00:31:31

Health: 50/50      AC:  9    Str: 12    XL:     7   Next: 49%
Magic:  6/15       EV: 10    Int: 12    God:    Nemelex Xobeh [***...]
Gold:   164        SH:  0    Dex:  9    Spells: 13/18 levels left

rFire   . . .      SeeInvis .   a - +0 hunting sling
rCold   + + .      Faith    .   (no shield)
rNeg    + + +      Spirit   .   h - +0 ring mail
rPois   ∞          Reflect  .   r - +0 helmet
rElec   .          Harm     .   y - +1 cloak
rCorr   .          Rampage  .   F - +0 pair of gloves
Will    .....                   (no boots)
Stlth   +.........              (no amulet)
HPRegen 0.00/turn               i - ring of protection from cold
MPRegen 0.14/turn               (no ring)

@: lit by a corona, inhibited regen, glowing
A: claws 1, cold resistance 1, negative energy resistance 3, inhibited
regeneration, torment resistance 2
a: Renounce Religion, Draw Escape, Draw Destruction, Draw Summoning, Triple Draw


You were on level 5 of the Dungeon.
You worshipped Nemelex Xobeh.
Nemelex Xobeh was most pleased with you.
You visited 1 branch of the dungeon, and saw 5 of its levels.

You collected 164 gold pieces.

Inventory:

Hand Weapons
 a - a +0 hunting sling (weapon)
 b - a +3 hand axe
 s - a +0 spear
Missiles
 k - 60 arrows
 l - 156 stones (quivered ammo)
 q - 5 boomerangs
 w - 86 sling bullets
 D - 11 poisoned darts
 H - 20 bolts
Armour
 f - a +0 robe
 h - a +0 ring mail (worn)
 r - a +0 helmet (worn)
 t - a +0 scale mail
 y - a +1 cloak (worn)
 C - a +0 leather armour
 F - a +0 pair of gloves (worn)
Magical Staves
 u - a staff of air
Jewellery
 i - a ring of protection from cold (left hand)
 p - a ring of ice
Wands
 E - a wand of flame (20)
Scrolls
 d - 2 scrolls of immolation {unknown}
 e - a scroll of fog {unknown}
 g - a scroll of teleportation {unknown}
 m - 2 scrolls of enchant weapon
 n - a scroll of fear {unknown}
 v - 2 scrolls of blinking {unknown}
 x - a scroll of vulnerability {unknown}
 z - a scroll of silence {unknown}
Potions
 c - a potion of resistance
 j - 3 potions of degeneration
 o - 2 potions of flight
 A - a potion of ambrosia {unknown}
 B - a potion of attraction {unknown}
 G - a potion of invisibility {unknown}


   Skills:
 - Level 1.7 Dodging
 - Level 2.1 Stealth
 + Level 6.3 Spellcasting
 - Level 5.0 Necromancy


You had 13 spell levels left.
You knew the following spells:

 Your Spells              Type           Power      Damage    Failure   Level
a - Pain                  Necr           60%        1d7       4%          1
b - Animate Skeleton      Necr           30%        N/A       4%          1
c - Vampiric Draining     Necr           15%        2d7       16%         3

Your spell library contained the following spells:

 Spells                   Type           Power      Damage    Failure   Level
 Animate Dead             Necr           7%         N/A       45%         4
 Agony                    Necr           15%        N/A       80%         5


Dungeon Overview and Level Annotations

Branches:
Dungeon (5/15)
 Temple: D:4-7

Altars:
Cheibriados
Makhleb
Nemelex Xobeh

Shops:
D:4 ([


Innate Abilities, Weirdness & Mutations

You thrive by killing the living.
You are immune to poison.
You have sharp fingernails.
Your flesh is cold resistant. (rC+)
You are immune to negative energy. (rN+++)
You do not regenerate when monsters are visible.
You are immune to unholy pain and torment.


Message History

The gnoll writhes in agony.
The gnoll hits you from afar with a +0 spear.
The gnoll hits you but does no damage.
The gnoll writhes in agony.
The gnoll hits you but does no damage.
The gnoll writhes in agony.
You kill the gnoll!
The gnoll shaman writhes in agony.
The gnoll shaman mumbles some strange prayers to its god against you.
You are outlined in light.
The gnoll shaman writhes in agony.
The gnoll shaman writhes in agony.
The gnoll shaman misses you.
The gnoll shaman writhes in agony.
You kill the gnoll shaman!
Welcome back, Colgate the Ghoul Necromancer.
Nemelex Xobeh says: It's all in the cards!
Press ? for a list of commands and other information.
Welcome back, Colgate the Ghoul Necromancer.
Nemelex Xobeh says: It's all in the cards!
Press ? for a list of commands and other information.
An orc comes into view. It is wielding a +0 club.
You shoot a stone. The stone closely misses the orc.
The orc shouts!
You shoot a stone. The stone completely misses the orc.
A hound comes into view.
The hound moves out of view.
The orc writhes in agony.
A killer bee zombie comes into view.
The killer bee zombie moves out of view.
An orc comes into view. It is wielding a +0 mace.
The orc writhes in agony!
You kill the orc!
You can't see any susceptible monsters within range! (Use Z to cast anyway.)
You shoot a stone. The stone hits the orc.
The orc is moderately wounded.
You shoot a stone. The stone barely misses the orc.
The orc writhes in agony.
You kill the orc!
You feel better.
You can't see any susceptible monsters within range! (Use Z to cast anyway.) Are you sure you want to abandon this character and quit the game? (Confirm with "yes".)

.......<##.......###
##########[........#
.....)..).).)......#
############.......#
...........#.......#
#########..........#
#..........#
#.......#######(..
########.......@$$.Z)((..
#..............########.#
##..............#
.'.........#....#
.#........##....##
.......#####.##..##
.......# ##...##..#
##########.....##.#
........#.......#.#


You could see a killer bee zombie.

Vanquished Creatures
  Eustachio (D:5)
  An ogre (D:5)
  A scorpion (D:4)
  A centaur zombie (D:5)
  A hound (D:5)
  An orc priest (D:5)
  A gnoll shaman (D:5)
  3 iguanas (D:5)
  Robin (D:4)
  4 adders
  A gnoll (D:5)
  A shadow imp (D:5)
  A white imp (D:4)
  2 worms (D:4)
  9 orcs
  6 endoplasms
  4 giant cockroaches
  13 goblins
  5 hobgoblins
  4 jackals
  5 quokkas
  6 ball pythons
  9 bats
  2 kobolds
  3 rats
86 creatures vanquished.

Vanquished Creatures (collateral kills)
  A giant cockroach (D:2)
1 creature vanquished.

Grand Total: 87 creatures vanquished

Notes
Turn   | Place    | Note
-------+----------+-------------------------------------------
     0 | D:1      | Colgate the Ghoul Necromancer began the quest for the Orb.
     0 | D:1      | Reached XP level 1. HP: 14/14 MP: 2/2
     2 | D:1      | Learned a level 1 spell: Animate Skeleton
   191 | D:1      | Reached XP level 2. HP: 20/20 MP: 0/3
   542 | D:1      | Found a faded altar of an unknown god.
   548 | D:1      | Prayed at the altar of an unknown god.
   548 | D:1      | Became a worshipper of Nemelex Xobeh the Trickster
   548 | D:1      | Reached * piety under Nemelex Xobeh
   548 | D:1      | Received a gift from Nemelex Xobeh
   849 | D:1      | Reached XP level 3. HP: 26/26 MP: 4/4
   863 | D:1      | Learned a level 3 spell: Vampiric Draining
  1079 | D:1      | Reached skill level 5 in Necromancy
  1466 | D:2      | Reached skill level 2 in Spellcasting
  1825 | D:2      | Received a gift from Nemelex Xobeh
  1871 | D:2      | Reached ** piety under Nemelex Xobeh
  1985 | D:2      | Reached XP level 4. HP: 33/33 MP: 2/6
  2695 | D:3      | Found a burning altar of Makhleb.
  2695 | D:3      | Received a gift from Nemelex Xobeh
  3344 | D:4      | Reached skill level 3 in Spellcasting
  3464 | D:4      | Noticed Robin
  3472 | D:4      | Killed Robin
  3640 | D:4      | Reached XP level 5. HP: 23/38 MP: 7/9
  3775 | D:4      | Found Juzita's Weapon Boutique.
  3858 | D:4      | Reached *** piety under Nemelex Xobeh
  3859 | D:4      | Found Ybbuaq's Armour Shoppe.
  4086 | D:4      | Reached skill level 4 in Spellcasting
  4789 | D:5      | Entered Level 5 of the Dungeon
  5130 | D:5      | Reached XP level 6. HP: 45/45 MP: 8/11
  5313 | D:5      | Noticed Eustachio
  5330 | D:5      | Reached skill level 5 in Spellcasting
  5341 | D:5      | Killed Eustachio
  5342 | D:5      | Reached XP level 7. HP: 18/50 MP: 0/14
  5582 | D:5      | Found a snail-covered altar of Cheibriados.
  5664 | D:5      | Reached skill level 6 in Spellcasting
  5930 | D:5      | Quit the game

Illustrated notes

Levels and vault maps discovered:
D:1:      dpeg_arrival_renting, layout_loops_ring,
          shapermc_ecumenical_altar_hornbeckon, minmay_quantized
D:2:      layout_basic, uniq_crazy_yiuf_cottage
D:3:      layout_rooms, mainiacjoe_overflow_boulevard
D:4:      layout_basic, serial_shops, nicolae_shop_trees, nicolae_shop_crystal,
          uniq_robin
D:5:      layout_basic, lemuel_round_altar, nicolae_overflow_hidden_temple,
          uniq_eustachio

Skill      XL: |  1  2  3  4  5  6  7 |
---------------+----------------------+-----
Necromancy     | 5 |  5.0
Spellcasting   | 2 3 4 5 6 |  6.3
Dodging        | |  1.7
Stealth        | |  2.1

Action                   |  1- 3 |  4- 6 |  7- 9 || total
-------------------------+-------+-------+-------++-------
Melee: Unarmed           |     5 |       |       ||     5
       Hand axe          |    22 |    48 |    10 ||    80
       Short sword       |    28 |       |       ||    28
       Spear             |       |    25 |       ||    25
 Fire: Hunting sling     |       |    43 |    18 ||    61
 Cast: Pain              |    51 |    49 |    16 ||   116
       Animate Skeleton  |    11 |    14 |     4 ||    29
       Vampiric Draining |     2 |    13 |     2 ||    17
  Use: Scroll            |       |     4 |       ||     4
Armor: Robe              |    16 |     5 |       ||    21
       Ring mail         |     3 |    32 |    21 ||    56
Dodge: Dodged            |    46 |    38 |    13 ||    97

Table legend: (Time is in decaauts)
 A = Elapsed time spent in this place.
 B = Non-inter-level travel time spent in this place.
 C = Inter-level travel time spent in this place.
 D = Time resting spent in this place.
 E = Time spent auto-exploring this place.
 F = Levels seen in this place.
 G = Mean time per level.
                   A        B        C        D        E       F      G
               +--------+--------+--------+--------+--------+-----+--------+
         Total |   6031 |   5806 |    225 |     23 |   4835 |   5 | 1206.2 |
       Dungeon |   6031 |   5806 |    225 |     23 |   4835 |   5 | 1206.2 |
               +--------+--------+--------+--------+--------+-----+--------+

Top non-repeatable levels by time:
     D:4: 1663 daAuts
     D:1: 1479 daAuts
     D:2: 1162 daAuts
     D:5: 1159 daAuts
     D:3: 566 daAuts
